 Dungeon Crawl Stone Soup version 0.23-a0-319-gb40ba49 (webtiles) character file.

49879 iamserjio the Earth Mage (level 14, 0/72 HPs)
             Began as a Deep Elf Earth Elementalist on Oct 14, 2018.
             Was a High Priest of Nemelex Xobeh.
             Killed from afar by a frost giant (43 damage)
             ... with a bolt of cold
             ... on level 1 of the Depths.
             The game lasted 01:22:04 (19282 turns).

iamserjio the Earth Mage (DEEE)                    Turns: 19282, Time: 01:22:05

Health: 0/72       AC:  5    Str:  5    XL:     14   Next: 17%
Magic:  30/43      EV: 30    Int: 32    God:    Nemelex Xobeh [*****.]
Gold:   29         SH:  0    Dex: 18    Spells: 21/42 levels left

rFire    . . .     SeeInvis .   R - +0 morningstar "Lacertilianbane" {crush, *Noise *Corrode MP+9 Int+6}
rCold    . . .     Gourm    +   (no shield)
rNeg     . . .     Faith    .   G - +1 robe of the Crypt {rElec rPois Regen+ Stlth-}
rPois    +         Spirit   .   Z - +0 helmet
rElec    +         Reflect  .   (no cloak)
rCorr    .         Harm     .   F - +0 pair of gloves {Dex+3}
MR       +....                  (no boots)
Stlth    +.........             Q - amulet of the gourmand
HPRegen  0.62/turn              h - +5 ring of evasion
MPRegen  0.28/turn              j - +3 ring of evasion

@: no status effects
A: no striking features
a: Triple Draw, Deal Four, Stack Five, Renounce Religion


You were on level 1 of the Depths.
You worshipped Nemelex Xobeh.
Nemelex Xobeh was extremely pleased with you.
You were very full.

You visited 3 branches of the dungeon, and saw 17 of its levels.
You visited 1 bazaar.

You collected 1560 gold pieces.
You spent 1531 gold pieces at shops.

Inventory:

Hand Weapons
 R - the +0 morningstar "Lacertilianbane" (weapon) {crush, *Noise *Corrode MP+9 Int+6}
   (You bought it in a shop in a bazaar)

   It inflicts extra damage upon your enemies.
   It affects your intelligence (+6).
   It affects your magic capacity (+9).
   It may make noises in combat.
   It may corrode you when you take damage.
Missiles
 b - 291 stones (quivered)
 w - 4 throwing nets {!f}
Armour
 F - a +0 pair of gloves of dexterity (worn)
 G - the +1 robe of the Crypt (worn) {rElec rPois Regen+ Stlth-}
   (You took it off an orc priest on level 4 of the Dungeon)

   It insulates you from electricity.
   It protects you from poison.
   It increases your rate of regeneration.
   It makes you less stealthy.
 Z - a +0 helmet (worn)
Jewellery
 h - a +5 ring of evasion (left hand)
 j - a +3 ring of evasion (right hand)
 r - a +4 amulet of reflection
 Q - an amulet of the gourmand (around neck)
 V - an uncursed ring of see invisible
 X - an uncursed ring of protection from fire
Wands
 a - a wand of scattershot (7)
 g - a wand of digging (9)
 s - a wand of disintegration (2)
 E - a wand of polymorph (24)
 H - a wand of flame (47)
 N - a wand of acid (7)
 W - a wand of iceblast (7)
Scrolls
 e - 3 scrolls of enchant armour
 f - a scroll of magic mapping
 i - 9 scrolls of teleportation
 m - a scroll of blinking
 v - a scroll of vulnerability {unknown}
 z - 4 scrolls of immolation
 A - 8 scrolls of remove curse {@r2}
 B - 4 scrolls of amnesia
 D - a scroll of fear {unknown}
 J - 2 scrolls of random uselessness {unknown}
Potions
 c - a potion of invisibility
 l - 2 potions of brilliance
 n - 2 potions of mutation
 p - 4 potions of flight
 q - 12 potions of curing {@q1}
 u - 3 potions of heal wounds
 C - 4 potions of haste
 I - 2 potions of might
 L - a potion of agility
 S - a potion of lignification
 Y - 2 potions of ambrosia
Miscellaneous
 k - a legendary deck of destruction
 o - an ornate deck of escape
 x - a plain deck of summoning {drawn: 2}
 y - an ornate deck of summoning
 K - a plain deck of escape {drawn: 1}
 M - an ornate deck of destruction {drawn: 1}
 O - an ornate deck of summoning
 P - an ornate deck of escape
 T - a legendary deck of destruction
 U - an ornate deck of destruction
Comestibles
 d - 36 rations


   Skills:
 - Level 2.0 Fighting
 + Level 12.6 Dodging
 - Level 2.4 Stealth
 + Level 14.9 Spellcasting
 - Level 4.0 Conjurations
 - Level 2.0 Necromancy
 - Level 1.1 Transmutations
 * Level 16.3 Earth Magic
 + Level 10.9 Invocations
 - Level 3.7 Evocations


You had 21 spell levels left.
You knew the following spells:

 Your Spells              Type           Power        Failure   Level  Hunger
a - Sandblast             Erth           ######       0%          1    None
b - Stone Arrow           Conj/Erth      ######       1%          3    None
c - Lee's Rapid Deconstr  Erth           #######...   1%          5    None
d - Passwall              Tmut/Erth      ######..     1%          2    None
e - Animate Skeleton      Necr           N/A          1%          1    None
f - Regeneration          Chrm/Necr      ####......   3%          3    None
g - Animate Dead          Necr           N/A          8%          4    None
h - Blink                 Tloc           N/A          2%          2    None

Your spell library contained the following spells:

 Spells                   Type           Power        Failure   Level  Hunger
 Confusing Touch          Hex            ###...       1%          1    None
 Corona                   Hex            ###....      1%          1    None
 Freeze                   Ice            ###.         1%          1    None
 Magic Dart               Conj           ####         1%          1    None
 Pain                     Necr           ####         1%          1    None
 Summon Small Mammal      Summ           ###.         1%          1    None
 Corpse Rot               Necr           N/A          1%          2    None
 Throw Frost              Conj/Ice       #####.       1%          2    None
 Leda's Liquefaction      Hex/Erth       ######....   1%          4    None
 Petrify                  Tmut/Erth      ######..     1%          4    None
 Call Imp                 Summ           ###.....     2%          2    None
 Slow                     Hex            ###.....     2%          2    None
 Conjure Flame            Conj/Fire      #####...     2%          3    None
 Vampiric Draining        Necr           #####.....   2%          3    None
 Mephitic Cloud           Conj/Pois/Air  ####....     3%          3    None
 Call Canine Familiar     Summ           ###.....     5%          3    None
 Confuse                  Hex            ###.....     5%          3    None
 Gell's Gravitas          Tloc           ###.......   5%          3    None
 Inner Flame              Hex/Fire       ###.....     5%          3    None
 Ozocubu's Armour         Chrm/Ice       ###.....     5%          3    None
 Portal Projectile        Hex/Tloc       ###...       5%          3    None
 Summon Guardian Golem    Hex/Summ       ###.....     5%          3    None
 Throw Icicle             Conj/Ice       #####...     8%          4    None
 Cause Fear               Hex            ###.......   19%         4    None
 Summon Ice Beast         Ice/Summ       ###.....     19%         4    None
 Summon Lightning Spire   Summ/Air       ###.....     19%         4    None
 Yara's Violent Unravell  Hex/Tmut       ####......   38%         5    None
 Metabolic Englaciation   Hex/Ice        ###.......   45%         5    None
 Summon Forest            Summ/Tloc      ###.......   45%         5    None
 Hydra Form               Tmut           ####......   87%         6    ###....
 Summon Hydra             Summ           ###.......   100%        7    #####..


Dungeon Overview and Level Annotations

Branches:
Dungeon (15/15)            Temple (1/1) D:6            Lair (0/6) D:9
    Orc (0/2) D:9          Vaults (0/5) D:14         Depths (1/5) D:15

Altars:
Ashenzari
Cheibriados
Dithmenos
Elyvilon
Fedhas
Gozag
Hepliaklqana
Kikubaaqudgha
Makhleb
Nemelex Xobeh
Okawaru
Qazlal
Ru
Sif Muna
Trog
Uskayaw
Vehumet
Wu Jian
Xom
Yredelemnul
Zin
The Shining One

Shops:
D:9 (

Annotations:
Depths:1 exclusion: obsidian statue


Message History

Casting: Lee's Rapid Deconstruction (safe; 1% risk of failure)
Aiming: Lee's Rapid Deconstruction (safe; 1% risk of failure)
A rock wall.
The wall shatters!
The blast of rock fragments hits the tengu warrior.
You kill the tengu warrior! 2 frost giants come into view.
A frost giant is wielding a battleaxe of freezing.
A frost giant is wielding a The frost giant shouts! x2
The frost giant points at you and mumbles some strange words.
The bolt of cold hits the frost giant.
The frost giant resists.
The bolt of cold misses you.
Items here: ( )) ? [ an arbalest; an uncursed long sword of electrocution; 10 bolts; a ring mail a scroll of enchant armour The frost giant gestures at you while chanting.
The bolt of cold hits you!
Ouch! That really hurt!
You die...
Your body glows with a rainbow of weird colours and disappears.

#........Q.#.<#§(# #
#..........#..#$$#444
#..........#§.#.:8343
#..........#).#$[#335
#..........#..#≈?# ## ##
#.......C.....#≈..≈§ ≈#
#............≈#≈≈≈.§. ..# .
#.........C############..#...
#..........).@..(............
#............................
#...................#########
######§≈≈########...# #§≈≈≈#
#...# ##.§§≈## #...# #§.§≈≈≈#
#..... #..§§≈≈≈# #....#
#.....≈≈§≈# #....}#


You could see a frost giant.

Vanquished Creatures
  An ettin (D:14)
  A vault guard (D:14)
  A centaur warrior (D:13)
  2 ogre magi
  6 two-headed ogres
  2 tengu warriors (Depths:1)
  Sonja (D:11)
  An iron troll (D:14)
  2 unseen horrors
  A phantasmal warrior (D:15)
  A necromancer (D:15)
  A deep elf mage (D:14)
  2 manticores
  3 cyclopes (D:15)
  6 ugly things
  5 centaur zombies
  2 naga magi (D:15)
  2 gargoyles
  A redback zombie (D:15)
  A freezing wraith (D:15)
  A tengu conjurer (Depths:1)
  7 trolls
  3 meliai (D:14)
  A wind drake (shapeshifter) (D:14)
  A tyrant leech (shapeshifter) (D:14)
  15 slime creatures
  A meliai zombie (D:9)
  A hippogriff (shapeshifter) (Depths:1)
  2 hippogriffs
  Sigmund (D:6)
  A shadow (D:15)
  2 wyverns
  3 water elementals (D:14)
  A human (D:14)
  3 wraiths
  36 yaks
  Grum (D:9)
  2 fire elementals (D:15)
  2 hungry ghosts
  12 vampire mosquitoes
  4 wargs (D:9)
  A steam dragon (D:12)
  2 hell hounds (D:15)
  A soldier ant (D:13)
  9 orc warriors
  A black bear (D:7)
  6 sky beasts
  2 ice beasts (D:14)
  An eye of draining (D:12)
  9 ogres
  4 phantoms
  11 centaurs
  4 wolves (D:9)
  A crocodile (D:11)
  2 big kobolds
  9 bullfrogs
  2 wyvern zombies (D:14)
  A water moccasin zombie (D:7)
  3 scorpions
  18 killer bees
  3 wights (D:15)
  3 howler monkeys
  3 electric eels (D:14)
  A bullfrog zombie (D:11)
  4 jellies
  A quasit (D:8)
  6 crimson imps
  8 orc priests
  10 orc wizards
  9 hounds
  2 centaur skeletons
  2 iguanas
  13 worker ants
  A hound zombie (D:7)
  2 hound skeletons
  A worker ant zombie (D:5)
  15 gnolls
  8 adders
  An ufetubus (Depths:1)
  An adder skeleton (D:4)
  2 adder zombies
  3 worms
  3 dart slugs
  2 leopard geckos
  42 orcs
  3 giant cockroaches
  11 hobgoblins
  9 jackals
  3 quokkas
  2 ball pythons
  8 bats
  4 frilled lizards
  2 gnoll zombies (D:8)
  12 goblins
  A jackal skeleton (D:8)
  17 kobolds
  A quokka skeleton (D:4)
  10 rats
458 creatures vanquished.

Vanquished Creatures (collateral kills)
  A lich (Depths:1)
  Azrael (D:15)
  A hydra (D:15)
  A death knight (D:15)
  2 two-headed ogres (D:15)
  A tengu warrior (D:15)
  A hell hog (D:14)
  A soul eater (Depths:1)
  A wizard (D:15)
  An ugly thing (D:14)
  A wolf spider (D:15)
  A cyclops (D:15)
  A centaur skeleton (D:15)
  A hellwing (Depths:1)
  A tengu conjurer (D:15)
  2 vampire mosquitoes (D:15)
  A hell hound (D:15)
  2 wights (D:15)
  An orc wizard (D:11)
  A worker ant (D:14)
  An orc (D:14)
24 creatures vanquished.

Vanquished Creatures (others)
  An ugly thing (D:14)
  A centaur (D:8)
  A ball lightning (D:14)
  8 plants (D:14)
11 creatures vanquished.

Grand Total: 493 creatures vanquished

Notes
Turn   | Place    | Note
-------+----------+-------------------------------------------
     0 | D:1      | iamserjio the Deep Elf Earth Elementalist began the quest
                  | for the Orb.
     0 | D:1      | Reached XP level 1. HP: 10/10 MP: 6/6
    80 | D:1      | Found a sparkling altar of Nemelex Xobeh.
   104 | D:1      | Became a worshipper of Nemelex Xobeh the Trickster
   143 | D:1      | Reached XP level 2. HP: 12/15 MP: 0/8
   420 | D:1      | Received a gift from Nemelex Xobeh
  1010 | D:2      | Found a shattered altar of Ashenzari.
  1013 | D:2      | Reached skill level 4 in Earth Magic
  1060 | D:2      | Reached XP level 3. HP: 16/19 MP: 7/10
  1233 | D:2      | Reached * piety under Nemelex Xobeh
  1802 | D:3      | Reached XP level 4. HP: 17/24 MP: 2/12
  1963 | D:3      | Received a gift from Nemelex Xobeh
  2187 | D:3      | Reached skill level 5 in Earth Magic
  2187 | D:3      | Reached XP level 5. HP: 28/28 MP: 11/14
  2240 | D:3      | Learned a level 3 spell: Stone Arrow
  2246 | D:3      | Learned a level 5 spell: Lee's Rapid Deconstruction
  2249 | D:3      | Learned a level 2 spell: Passwall
  2310 | D:3      | Found a sacrificial altar of Ru.
  2557 | D:3      | Reached skill level 5 in Spellcasting
  2771 | D:3      | Found a glowing silver altar of Zin.
  3169 | D:4      | Noticed an ogre
  3176 | D:4      | Killed an ogre
  3176 | D:4      | Reached skill level 1 in Conjurations
  3176 | D:4      | Reached XP level 6. HP: 32/32 MP: 7/16
  3683 | D:4      | Reached skill level 6 in Earth Magic
  3683 | D:4      | Reached XP level 7. HP: 27/36 MP: 6/18
  4117 | D:4      | Reached ** piety under Nemelex Xobeh
  4267 | D:4      | Found a glowing golden altar of the Shining One.
  4456 | D:4      | Got a thick robe
  4467 | D:4      | Identified the +1 robe of the Crypt {rElec rPois Regen+
                  | Stlth-} (You took it off an orc priest on level 4 of the
                  | Dungeon)
  4495 | D:5      | Entered Level 5 of the Dungeon
  4567 | D:5      | Found a blossoming altar of Fedhas.
  4570 | D:5      | Reached skill level 5 in Dodging
  4572 | D:5      | Reached skill level 7 in Earth Magic
  4696 | D:5      | Reached XP level 8. HP: 41/41 MP: 12/21
  5285 | D:5      | Received a gift from Nemelex Xobeh
  5666 | D:6      | Received a gift from Nemelex Xobeh
  5677 | D:6      | Found a hide-covered altar of Uskayaw.
  5677 | D:6      | Reached *** piety under Nemelex Xobeh
  5833 | D:6      | Reached skill level 8 in Earth Magic
  5833 | D:6      | Reached skill level 1 in Invocations
  5935 | D:6      | Found a shadowy altar of Dithmenos.
  6007 | D:6      | Noticed Sigmund
  6011 | D:6      | Killed Sigmund
  6011 | D:6      | Reached XP level 9. HP: 45/45 MP: 13/24
  6396 | D:6      | Found a staircase to the Ecumenical Temple.
  6491 | Temple   | Entered the Ecumenical Temple
  6501 | Temple   | Received a gift from Nemelex Xobeh
  7048 | D:7      | Reached skill level 9 in Earth Magic
  7234 | D:7      | Found an ornate altar of the Wu Jian Council.
  7292 | D:7      | Received a gift from Nemelex Xobeh
  7952 | D:8      | Reached skill level 10 in Spellcasting
  8059 | D:8      | Found a bloodstained altar of Trog.
  8141 | D:8      | Reached skill level 10 in Earth Magic
  8190 | D:8      | Reached **** piety under Nemelex Xobeh
  8282 | D:8      | Received a gift from Nemelex Xobeh
  8362 | D:8      | Found a basalt altar of Yredelemnul.
  8536 | D:9      | Noticed Grum
  8543 | D:9      | Killed Grum
  8548 | D:9      | Reached XP level 10. HP: 50/50 MP: 10/26
  8775 | D:9      | Found a stormy altar of Qazlal.
  9034 | D:9      | Received a gift from Nemelex Xobeh
  9070 | D:9      | Found a staircase to the Lair.
  9083 | D:9      | Found a staircase to the Orcish Mines.
  9088 | D:9      | Reached skill level 5 in Invocations
  9108 | D:9      | Found Miotess's Antique Weapon Shoppe.
  9568 | D:10     | Entered Level 10 of the Dungeon
  9588 | D:10     | Reached skill level 11 in Earth Magic
  9772 | D:10     | Received a gift from Nemelex Xobeh
 10055 | D:10     | Noticed a gargoyle
 10058 | D:10     | Killed a gargoyle
 10248 | D:10     | Reached ***** piety under Nemelex Xobeh
 10389 | D:11     | Noticed a purple ugly thing
 10395 | D:11     | Killed a purple ugly thing
 10571 | D:11     | Reached XP level 11. HP: 54/54 MP: 1/28
 10732 | D:11     | Received a gift from Nemelex Xobeh
 10779 | D:11     | Reached skill level 12 in Earth Magic
 10969 | D:11     | Noticed a two-headed ogre
 10971 | D:11     | Killed a two-headed ogre
 11224 | D:11     | Noticed Sonja
 11234 | D:11     | Killed Sonja
 11306 | D:11     | Reached skill level 10 in Dodging
 11528 | D:11     | Received a gift from Nemelex Xobeh
 11880 | D:11     | Reached skill level 13 in Earth Magic
 12224 | D:12     | Reached skill level 1 in Evocations
 12628 | D:12     | Received a gift from Nemelex Xobeh
 12764 | D:12     | Noticed a brown ugly thing
 12794 | D:12     | Reached XP level 12. HP: 59/59 MP: 8/30
 13014 | D:12     | Found a blossoming altar of Fedhas.
 13601 | D:13     | Received a gift from Nemelex Xobeh
 13851 | D:13     | Learned a level 1 spell: Animate Skeleton
 13855 | D:13     | Learned a level 3 spell: Regeneration
 13860 | D:13     | Learned a level 4 spell: Animate Dead
 14014 | D:13     | Reached skill level 1 in Necromancy
 14051 | D:13     | Noticed a centaur warrior
 14056 | D:13     | Killed a centaur warrior
 14287 | D:13     | Reached skill level 14 in Earth Magic
 14491 | D:13     | Noticed a two-headed ogre
 14495 | D:13     | Killed a two-headed ogre
 14715 | D:13     | Received a gift from Nemelex Xobeh
 14844 | D:14     | Noticed a vault guard
 15257 | D:14     | Noticed a two-headed ogre
 15258 | D:14     | Noticed an ogre mage
 15258 | D:14     | Noticed a two-headed ogre
 15258 | D:14     | Noticed a two-headed ogre
 15270 | D:14     | Killed a two-headed ogre
 15271 | D:14     | Killed a two-headed ogre
 15271 | D:14     | Reached XP level 13. HP: 48/63 MP: 19/32
 15471 | D:14     | Reached skill level 15 in Earth Magic
 15586 | D:14     | Noticed an ettin
 15592 | D:14     | Killed an ettin
 16152 | D:14     | Reached skill level 1 in Fighting
 16380 | D:14     | Reached skill level 10 in Invocations
 16550 | D:14     | Received a gift from Nemelex Xobeh
 17125 | D:14     | Found a gate to the Vaults.
 17153 | D:14     | Received a gift from Nemelex Xobeh
 17308 | D:15     | Entered Level 15 of the Dungeon
 17510 | D:15     | Noticed Azrael
 17530 | D:15     | Killed Azrael
 17613 | D:15     | Found a stormy altar of Qazlal.
 17968 | D:15     | Reached skill level 16 in Earth Magic
 18238 | D:15     | Found a flickering gateway to a bazaar.
 18255 | Bazaar   | Entered a bazaar
 18267 | Bazaar   | Found Naviuvef's Weapon Emporium.
 18268 | Bazaar   | Found Pibeacad's Book Emporium.
 18304 | Bazaar   | Found Tirghof's Food Shoppe.
 18304 | Bazaar   | Found Tebb's Distillery.
 18345 | Bazaar   | Identified a scroll of acquirement
 18347 | Bazaar   | Bought a book of Minor Magic for 140 gold pieces
 18347 | Bazaar   | Bought a Fen Folio for 525 gold pieces
 18350 | Bazaar   | Learned a level 2 spell: Blink
 18405 | Bazaar   | Bought the cursed +0 morningstar "Lacertilianbane" {crush,
                  | *Noise *Corrode MP+9 Int+6} for 259 gold pieces
 18427 | Bazaar   | Bought 2 potions of curing for 48 gold pieces
 18427 | Bazaar   | Bought a potion of lignification for 24 gold pieces
 18427 | Bazaar   | Bought a potion of ambrosia for 64 gold pieces
 18427 | Bazaar   | Bought a potion of haste for 80 gold pieces
 18427 | Bazaar   | Bought a potion of ambrosia for 64 gold pieces
 18427 | Bazaar   | Bought a potion of curing for 24 gold pieces
 18427 | Bazaar   | Bought a potion of mutation for 64 gold pieces
 18427 | Bazaar   | Bought a potion of invisibility for 64 gold pieces
 18468 | Bazaar   | Bought a ration for 35 gold pieces
 18468 | Bazaar   | Bought a ration for 35 gold pieces
 18468 | Bazaar   | Bought a ration for 35 gold pieces
 18468 | Bazaar   | Bought a ration for 35 gold pieces
 18468 | Bazaar   | Bought a ration for 35 gold pieces
 18649 | D:15     | Reached XP level 14. HP: 72/72 MP: 17/34
 18731 | D:15     | Received a gift from Nemelex Xobeh
 18859 | D:15     | Found a staircase to the Depths.
 19060 | Depths:1 | Entered Level 1 of the Depths
 19174 | Depths:1 | Noticed a lich
 19180 | Depths:1 | Killed a lich
 19279 | Depths:1 | Noticed a frost giant
 19279 | Depths:1 | Noticed a frost giant
 19282 | Depths:1 | Killed from afar by a frost giant

Vault maps used:
D:1:      psy_arrival_radial02, nemelex_xobeh_ov_fountains_minmay
D:2:      evilmike_ruin_ashenzari, serial_curves, eino_curves_04,
          eino_curves_02, first_ration
D:3:      lemuel_coloured_pillars_altar, nicolae_ru_the_path_less_chosen
D:4:      tso_oasis_becter
D:5:      old_standard_altar
D:6:      marbit_many_paths, minmay_temple_entry_statues, basic_altar,
          uniq_sigmund
D:7:      kennysheep_mini
D:8:      corexii_shack_village, lemuel_zombie_altar_yredelemnul,
          kennysheep_little_box
D:9:      lair_entry_dummy, minmay_orc_entry_guard_dogs, serial_shops, shop,
          grunt_qazlal_sundering, uniq_grum
D:11:     uniq_sonja
D:12:     basic_altar
D:14:     david_vaults_4, nicolae_twisting_strands, serial_bayou,
          serial_bayou_ford_a, serial_bayou_pond_d, serial_bayou_pond_e,
          serial_bayou_lake_a, serial_bayou_lagoon_a, serial_bayou_pond_d,
          grunt_livestock
D:15:     grunt_enter_depths_magical_seal, serial_shops, bzr_entry_dummy,
          basic_altar, uniq_azrael
Temple:   oiseaux_autumnal_temple
Depths:1: enter_ziggurat_f, hellmouth_1, minmay_splitting_lines,
          hangedman_devilish_allure, uniq_nikola
Bazaar:   grunt_bazaar_doublecross

Skill      XL: |  1  2  3  4  5  6  7  8  9 10 11 12 13 |
---------------+----------------------------------------+-----
Earth Magic    | 4 5 6 7 8 10 11 13 14 16 | 16.3
Dodging        | 3 4 5 6 7 9 10 11 12 | 12.6
Spellcasting   | 4 5 6 7 9 10 11 12 13 14 | 14.9
Conjurations   | 1 3 4 |  4.0
Invocations    | 2 4 6 8 9 10 | 10.9
Evocations     | 2 3 |  3.7
Necromancy     | 2 |  2.0
Fighting       | 2 |  2.0
Stealth        | |  2.4
Transmutations | |  1.1

Action                   |  1- 3 |  4- 6 |  7- 9 | 10-12 | 13-15 || total
-------------------------+-------+-------+-------+-------+-------++-------
Melee: Unarmed           |     6 |       |       |       |       ||     6
       Dagger            |     6 |    15 |    30 |    66 |     8 ||   125
       Morningstar       |       |       |       |       |    11 ||    11
Throw: Stone             |       |       |       |       |     1 ||     1
 Cast: Sandblast         |    66 |    55 |    62 |   150 |    71 ||   404
       Stone Arrow       |       |     4 |    94 |    63 |    19 ||   180
       Lee's Rapid Decon |       |       |    10 |    88 |    86 ||   184
       Animate Skeleton  |       |       |       |       |     9 ||     9
       Regeneration      |       |       |       |       |     9 ||     9
Invok: Deal Four         |       |       |       |       |     2 ||     2
Evoke: Deck              |       |       |     3 |    10 |    37 ||    50
       Wand              |       |       |     1 |     7 |    27 ||    35
  Use: Scroll            |     1 |     4 |     8 |     6 |    12 ||    31
       Potion            |       |       |       |       |     4 ||     4
 Stab: Sleeping          |       |     1 |       |       |       ||     1
       Paralysed         |       |       |       |    11 |       ||    11
       Distracted        |       |       |       |     1 |     1 ||     2
  Eat: Chunk             |     2 |     6 |    13 |    42 |    16 ||    79
       Ration            |       |       |     1 |       |       ||     1
Armor: Robe              |     3 |     2 |     3 |    12 |     3 ||    23
Dodge: Dodged            |    22 |    16 |    61 |   148 |   159 ||   406
Block: Other             |       |       |     9 |       |       ||     9
       Reflection        |       |       |     1 |       |       ||     1

Table legend:
 A = Non-vault XP
 B = Vault XP
 C = Vault XP percentage of total XP
 D = Non-vault monster count
 E = Vault monster count
 F = Vault count percentage of total count
                 A         B        C        D         E       F
            +---------+---------+-------+---------+---------+-------
      Total |   58734 |   12522 |  17.6 |     434 |      50 |  10.3
            +---------+---------+-------+---------+---------+-------
        D:1 |      34 |       0 |   0.0 |      19 |       0 |   0.0
        D:2 |      43 |       0 |   0.0 |      27 |       0 |   0.0
        D:3 |     185 |       0 |   0.0 |      25 |       0 |   0.0
        D:4 |     892 |       0 |   0.0 |      26 |       0 |   0.0
        D:5 |     992 |       0 |   0.0 |      25 |       0 |   0.0
        D:6 |     447 |     270 |  37.7 |      12 |       2 |  14.3
        D:7 |     918 |       0 |   0.0 |      19 |       0 |   0.0
        D:8 |    1148 |      23 |   2.0 |      22 |      11 |  33.3
        D:9 |     774 |    1345 |  63.5 |      12 |       9 |  42.9
       D:10 |    2581 |       0 |   0.0 |      18 |       0 |   0.0
       D:11 |    7971 |     782 |   8.9 |      47 |       1 |   2.1
       D:12 |    4407 |       0 |   0.0 |      32 |       0 |   0.0
       D:13 |    8233 |       0 |   0.0 |      51 |       0 |   0.0
       D:14 |   13789 |    4004 |  22.5 |      52 |       9 |  14.8
       D:15 |   11874 |    5419 |  31.3 |      42 |      14 |  25.0
   Depths:1 |    4446 |     679 |  13.2 |       5 |       4 |  44.4
            +---------+---------+-------+---------+---------+-------
